[Event "*** Titled Tuesday Blitz"]
[Site "Chess.com"]
[Date "2020.04.21"]
[Round "3"]
[White "ntmh281"]
[Black "Doraemon7"]
[Result "0-1"]
[WhiteElo "2276"]
[BlackElo "2653"]
[TimeControl "180+1"]
[EndTime "10:28:10 PDT"]
[Termination "Doraemon7 won on time"]

1. d4 d5 2. Bf4 Nf6 3. e3 e6 4.
Nf3 c5 5. Nbd2 Bd6 6. Bg3 Qc7 7. c3 Nbd7 8. Bd3 O-O 9. Qe2 e5 10. dxe5 Nxe5 11. Nxe5 Bxe5 12. Bh4 Re8 13. O-O-O Qb6 14. Nf3 Bc7 15. Bb1 Qc6 16. Bxf6 Qxf6 17. Rxd5 Be6 18. Rxc5 Bd6 19. Rh5 g6 20. Rh4 a5 21. Rd1 Bc5 22.
Rf4 Qg7 23. Qb5 Rec8 24. Nd4 Bd5 25. Nf5 Qe5 26. Nh6+ Kg7 27. Ng4 Qe6 28. c4 Bxg2 29.
Nf6 Bxe3+ 30. fxe3 Qxe3+ 31. Rd2 Qxf4 32. Nd7 Bc6 33.
Qe5+ Qxe5 34. Nxe5 Re8 35. Nxc6 bxc6 36. Bd3 Re1+ 37.
Kc2 Rb8 38. b3 a4 39. Kc3 a3 40. Rf2 Ra1 41. c5 Rc1+ 0-1

[Event "*** Titled Tuesday Blitz"]
[Site "Chess.com"]
[Date "2020.04.21"]
[Round "3"]
[White "cholzan"]
[Black "Juanovic"]
[Result "0-1"]
[WhiteElo "2487"]
[BlackElo "2150"]
[TimeControl "180+1"]
[EndTime "10:28:11 PDT"]
[Termination "Juanovic won by resignation"]

1. d4 d5 2. c4 c6 3. Nf3 Nf6 4. e3 e6 5. b3 Nbd7 6. Bb2 Bb4+ 7.
Nbd2 O-O 8. Bd3 Ne4 9. O-O f5 10. Qc2 Bd6 11. Ne5 Nxe5 12. dxe5 Nxd2 13. exd6 Nxf1 14.
c5 Nxh2 15. Kxh2 Qg5 16. Be5 Bd7 17. Rh1 Be8 18. Kg1 Bg6 19. Rh3 Qd8 20. Qc3 Rf7 21.
Qd4 b6 22. b4 bxc5 23. bxc5 Rb8 24. Rf3 Rbb7 25. Rf4 Qa5 26. g4 Qe1+ 27. Kg2 fxg4 28.
Rxf7 Rxf7 29. Bg3 Qd1 30. Bxg6 Qf3+ 31. Kh2 hxg6 32. d7 Rxd7 33. Qe5 Rb7 34. Qxe6+ Kh7 0-1

[Event "*** Titled Tuesday Blitz"]
[Site "Chess.com"]
[Date "2020.04.21"]
[Round "3"]
[White "SantoBlue"]
[Black "Algeriano22"]
[Result "1-0"]
[WhiteElo "2828"]
[BlackElo "2626"]
[TimeControl "180+1"]
[EndTime "10:28:12 PDT"]
[Termination "SantoBlue won by checkmate"]

1. e4 e5 2. Nf3 Nc6 3. Bb5 a6 4. Ba4 d6 5. d4 exd4 6. Bxc6+ bxc6 7. Nxd4 Bd7 8. Qf3 Qf6 9. Qd3 Qg6 10. O-O Nf6 11.
Nc3 Be7 12. Nf5 Bd8 13. Ne2 Nh5 14. Qf3 O-O 15. h3 d5 16. Nfg3 Nxg3 17. Nxg3 dxe4 18.
Qxe4 Bf6 19. c3 Rab8 20. Qf3 Be5 21. Re1 Bxg3 22. fxg3 Be6 23. Qf2 Rbd8 24. Be3 Rd7 25. Bd4 Rfd8 26. a3 h6 27. Re5 Qd3 28. Rae1 Rd5 29.
Qf4 Rxe5 30. Qxe5 Qd2 31. Qxg7# 1-0

[Event "*** Titled Tuesday Blitz"]
[Site "Chess.com"]
[Date "2020.04.21"]
[Round "3"]
[White "Konavets"]
[Black "LilRag"]
[Result "1/2-1/2"]
[WhiteElo "3011"]
[BlackElo "2347"]
[TimeControl "180+1"]
[EndTime "10:28:12 PDT"]
[Termination "Game drawn by repetition"]

1. d4 Nf6 2. c4 e6 3. Nc3 d5 4.
cxd5 exd5 5. Bg5 Be7 6. e3 c6 7. Bd3 O-O 8. Nge2 Ne4 9. Bf4 Bf5 10. Qc2 Re8 11. O-O-O Nxc3 12. Nxc3 Bxd3 13. Rxd3 Na6 14.
a3 b5 15. Nb1 b4 16. Qa4 Qb6 17. Nd2 c5 18. axb4 Nxb4 19. Rc3 cxd4 20. Rb3 Rac8+ 21.
Kb1 dxe3 22. Bxe3 Qg6+ 23. Ka1 Rc6 24. Qb5 Rec8 25. Nb1 Nc2+ 26. Ka2 Ra6+ 27. Na3 Nxa3 28. bxa3 Qc2+ 29. Ka1 Rxa3+ 30. Rxa3 Bxa3 31. Bd4 Qc4 32. Qxc4 Rxc4 33. Rd1 Bc5 34. Bxc5 Rxc5 35. Kb2 g6 36. Kb3 a5 37. Re1 Kg7 38. Re7 Rb5+ 39. Kc3 Kf6 40. Ra7 Ke6 41. h4 Rc5+ 42. Kd3 h5 43. g3 Rb5 44.
Kc3 Rc5+ 45. Kd3 Rb5 46. Kc3 f5 47. Ra6+ Ke5 48. Rxg6 d4+ 49. Kc2 Rc5+ 50. Kd2 Rb5 51.
Kc2 Rc5+ 52. Kd2 Rb5 53. Ra6 Rb2+ 54. Kd3 Ra2 55. Ra8 Ra3+ 56. Kd2 Ra2+ 57. Kd3 Ra3+ 58. Ke2 Ra2+ 59. Kf3 Ra3+ 60. Kg2 a4 61. Kf1 Ra1+ 62. Ke2 Ra2+ 63. Kd3 Ra3+ 64. Kd2 Ra2+ 65. Kd3 Ra3+ 66. Ke2 Ra2+ 67. Kf3 a3 68. Ra5+ Kf6 69. Ra6+ Ke5 70. Ra5+ Kf6 71. Ra6+ Ke5 72. Ra5+ 1/2-1/2

[Event "*** Titled Tuesday Blitz"]
[Site "Chess.com"]
[Date "2020.04.21"]
[Round "3"]
[White "fusaran"]
[Black "bakki78"]
[Result "1-0"]
[WhiteElo "2469"]
[BlackElo "2764"]
[TimeControl "180+1"]
[EndTime "10:28:13 PDT"]
[Termination "fusaran won by resignation"]

1. e4 c5 2. Nf3 Nc6 3. d4 cxd4 4. Nxd4 Nf6 5. Nc3 d6 6. Bg5 e6 7. Qd2 a6 8. O-O-O Bd7 9. f4 Be7 10. Kb1 b5 11. Bxf6 Bxf6 12. Nxc6 Bxc6 13. Qxd6 Qxd6 14. Rxd6 Rc8 15. e5 Be7 16. Rd1 O-O 17. Ne2 Rfd8 18.
Nd4 Be4 19. Be2 Bxg2 20. Rhg1 Be4 21. Bf3 Rxd4 22. Rxd4 Bxf3 23. Rd7 Kf8 24. Rg3 Be4 25. Rc3 Rxc3 26. bxc3 a5 27. Ra7 Bd8 28. Kc1 Bd5 29. a3 g5 30. fxg5 Bxg5+ 31. Kd1 a4 32. Ra5 Bc4 33.
Ra8+ Kg7 34. Rc8 Bc1 35. Kxc1 f5 36. Kd2 Kg6 37. Ke3 Kg5 38. Rg8+ Kh4 39. Kf4 Kh3 40. Rg7 h5 41. Rg5 h4 42. Rh5 Bd5 43. Rh8 Bc4 44. Kg5 Kxh2 45. Rxh4+ Kg3 46. Rf4 Bd5 47. Rd4 Bc4 48. Rh4 Bd5 49. Rf4 Bc4 50. Rd4 Bd5 51.
Rxd5 exd5 52. Kxf5 Kf3 53. e6 Ke3 54. e7 Kd2 55.
e8=Q 1-0

[Event "*** Titled Tuesday Blitz"]
[Site "Chess.com"]
[Date "2020.04.21"]
[Round "3"]
[White "BIG_Pirate"]
[Black "SoltaniciR"]
[Result "1-0"]
[WhiteElo "2395"]
[BlackElo "2582"]
[TimeControl "180+1"]
[EndTime "10:28:13 PDT"]
[Termination "BIG_Pirate won on time"]

1. Nf3 c5 2. c4 Nf6 3. Nc3 e6 4. g3 b6 5. Bg2 Bb7 6. O-O a6 7. d4 cxd4 8. Qxd4 d6 9. Rd1 Nbd7 10. b3 Be7 11. e4 Qc7 12. Ba3 Nc5 13. e5 dxe5 14.
Qxe5 Rc8 15. Qxc7 Rxc7 16. Bc1 Nfe4 17. Bf4 Rc8 18. Nxe4 Bxe4 19. Nd4 Bxg2 20. Kxg2 g5 21. Be3 h5 22. Rac1 g4 23. Ne2 h4 24. h3 1-0

[Event "*** Titled Tuesday Blitz"]
[Site "Chess.com"]
[Date "2020.04.21"]
[Round "3"]
[White "Morshynska"]
[Black "Saloni1299"]
[Result "1/2-1/2"]
[WhiteElo "2136"]
[BlackElo "2299"]
[TimeControl "180+1"]
[EndTime "10:28:13 PDT"]
[Termination "Game drawn by repetition"]

1. e4 e6 2. d3 d5 3. Nd2 c5 4. g3 Nc6 5. Bg2 g6 6. Ngf3 Bg7 7. O-O Nge7 8. Re1 b6 9. Nf1 O-O 10. h4 h6 11. e5 Qc7 12. Bf4 Nd4 13. N1h2 Ba6 14.
Qd2 Nec6 15. Nxd4 cxd4 16. Bxh6 Nxe5 17. Bf4 f6 18. Ng4 Rac8 19. Rac1 Bb7 20. Re2 Rf7 21.
Rce1 Rcf8 22. Nxe5 fxe5 23. Bxe5 Bxe5 24. Rxe5 Rxf2 25.
Qg5 Qf7 26. Rxe6 Rxg2+ 27. Kxg2 Qf2+ 28. Kh1 Qf3+ 29. Kh2 Qf2+ 30. Kh1 Qf3+ 31. Kh2 Qf2+ 32. Kh1 1/2-1/2

[Event "*** Titled Tuesday Blitz"]
[Site "Chess.com"]
[Date "2020.04.21"]
[Round "3"]
[White "GelmanAlexander"]
[Black "AnishGiri"]
[Result "0-1"]
[WhiteElo "2477"]
[BlackElo "3010"]
[TimeControl "180+1"]
[EndTime "10:28:14 PDT"]
[Termination "AnishGiri won by resignation"]

1. c4 Nf6 2. Nf3 g6 3. e3 Bg7 4. Be2 O-O 5. O-O c5 6. d3 Nc6 7. a3 d5 8. cxd5 Nxd5 9. Nbd2 b6 10. Qc2 Bb7 11. Ne4 Rc8 12. Bd2 e5 13. Rac1 Kh8 14. Rfe1 h6 15. Qb1 f5 16. Ng3 Qd6 17. h3 a5 18. Qc2 Rce8 19. Qb3 Ba8 20. Red1 Rb8 21. Qa4 Qd7 22. Qc2 Rf7 23. h4 f4 24. Ne4 Rbf8 25. Rf1 Bb7 26. Qb3 Ba6 27. Rcd1 Nce7 28. Bc3 Nxc3 29. bxc3 fxe3 30. fxe3 Qc6 31. Ng3 Nd5 32. Kf2 a4 33. Qc2 b5 34. c4 Nf6 35. Kg1 Ng4 36. Qc1 b4 37. axb4 cxb4 38. d4 exd4 39. exd4 a3 40. h5 Qc7 41. hxg6 Qxg3 42. gxf7 Rxf7 43.
Bd3 Bxd4+ 0-1

[Event "*** Titled Tuesday Blitz"]
[Site "Chess.com"]
[Date "2020.04.21"]
[Round "3"]
[White "JoakimVonAnd"]
[Black "I_Hit_18K_on_BS"]
[Result "1-0"]
[WhiteElo "2496"]
[BlackElo "2116"]
[TimeControl "180+1"]
[EndTime "10:28:16 PDT"]
[Termination "JoakimVonAnd won by checkmate"]

1. d4 Nf6 2. c4 g6 3. Nc3 d5 4. Bf4 Bg7 5. e3 O-O 6. Rc1 dxc4 7. Bxc4 c5 8. dxc5 Qa5 9. Ne2 Qxc5 10. Qb3 Nc6 11. Qb5 Qxb5 12. Nxb5 Nh5 13. Nc7 Nxf4 14.
Nxa8 Nxg2+ 15. Kf1 Bh3 16. Ng1 Nxe3+ 17. Ke2 Bg2 18.
fxe3 Bxh1 19. Nc7 Be4 20. Nd5 Rd8 21. Nc3 Bf5 22. Nf3 Bg4 23. Bd5 Bxc3 24. Bxc6 Bxb2 25. Rc2 bxc6 26. Rxb2 e5 27. Kf2 e4 28. Ne5 Be6 29.
Nxc6 a6 30. Nxd8 Bd5 31. Nb7 Kg7 32. Nc5 a5 33. a4 Kf6 34. Rb5 Kf5 35. Rxa5 Kg4 36. Nd7 f5 37. Nf6+ Kh4 38. Nxd5 g5 39. Ra7 Kg4 40. Rxh7 f4 41. a5 f3 42. a6 Kf5 43. a7 Kg4 44. a8=Q Kf5 45. Qc8+ Kg6 46. Qe6+ Kxh7 47. Qf7+ Kh6 48. Ne7 g4 49. Qg6# 1-0

[Event "*** Titled Tuesday Blitz"]
[Site "Chess.com"]
[Date "2020.04.21"]
[Round "3"]
[White "Jenia84"]
[Black "RestartingChess"]
[Result "1-0"]
[WhiteElo "2302"]
[BlackElo "2531"]
[TimeControl "180+1"]
[EndTime "10:28:16 PDT"]
[Termination "Jenia84 won by resignation"]

1. e4 d5 2. exd5 Qxd5 3. Nc3 Qd6 4. d4 Nf6 5. Nf3 Bg4 6. Be2 c6 7. Be3 e6 8. Qd2 Nbd7 9. h3 Bxf3 10. Bxf3 Nb6 11.
b3 Qd7 12. O-O Be7 13. Ne4 Nbd5 14. c4 Nxe3 15. fxe3 Nxe4 16. Bxe4 Bg5 17. Qf2 f5 18. Bc2 O-O-O 19. Rad1 Qe7 20. Kh1 g6 21. e4 Qb4 22.
exf5 exf5 23. Bxf5+ gxf5 24. Qxf5+ Kb8 25. Qxg5 Qc3 26. d5 cxd5 27. Rxd5 Rxd5 28. Qxd5 Qg3 29. Qf3 Qg6 30. Qf4+ Kc8 31. Qf5+ Qxf5 32. Rxf5 Re8 33. Kh2 Re2 34. Rf8+ Kc7 35. Rf7+ Kb6 36. Rxh7 Rxa2 37. h4 Ra3 38. h5 Rxb3 39. h6 Rb4 40. Rg7 Rxc4 41.
g4 Rc2+ 42. Kg3 Rc1 43. h7 Rh1 44. g5 a5 45. g6 a4 46. Rg8 a3 47. h8=Q Rg1+ 48.
Kh2 Rb1 49. Qd4+ Kc6 50. Qe4+ Kb5 1-0

[Event "*** Titled Tuesday Blitz"]
[Site "Chess.com"]
[Date "2020.04.21"]
[Round "3"]
[White "stoleriu"]
[Black "gmelviro"]
[Result "1-0"]
[WhiteElo "2501"]
[BlackElo "2132"]
[TimeControl "180+1"]
[EndTime "10:28:17 PDT"]
[Termination "stoleriu won by resignation"]

1. e4 e5 2. Nf3 Nc6 3. Bb5 a6 4.
Ba4 Nf6 5. d3 b5 6. Bb3 Be7 7.
O-O d6 8. c3 O-O 9. Re1 Nb8 10.
Nbd2 Nbd7 11. Nf1 Bb7 12. h3 c5 13. Ng3 g6 14. Bh6 Re8 15. Ng5 d5 16. exd5 Nxd5 17. Nxf7 Kxf7 18. Qf3+ Nf6 19. Rxe5 Rc8 20. Rae1 c4 21.
dxc4 bxc4 22. Ba4 Bc6 23. Bxc6 Rxc6 24. Ne4 Kg8 25. Nxf6+ Rxf6 26. Qxd5+ Qxd5 27. Rxd5 Kf7 28. Rde5 Rf5 29. R5e4 g5 30. g4 Rc5 31. f4 gxf4 32.
Rxf4+ Bf6 33. Rxe8 Kxe8 34. Rxf6 Rd5 1-0

[Event "*** Titled Tuesday Blitz"]
[Site "Chess.com"]
[Date "2020.04.21"]
[Round "3"]
[White "tamarozi99"]
[Black "KarpovVadim"]
[Result "0-1"]
[WhiteElo "1997"]
[BlackElo "2307"]
[TimeControl "180+1"]
[EndTime "10:28:17 PDT"]
[Termination "KarpovVadim won by resignation"]

1. e4 e5 2. Nf3 Nc6 3. Bb5 Nge7 4. c3 a6 5. Ba4 g6 6. d3 Bg7 7. Be3 O-O 8. Nbd2 b5 9. Bc2 d6 10. h3 h6 11. Nf1 f5 12. d4 fxe4 13. Bxe4 d5 14. Bc2 e4 15. Ne5 Nxe5 16. dxe5 Bxe5 17.
Bxh6 Rf7 18. Bxe4 c6 19. Bc2 Bf5 20. Ne3 d4 21. Nxf5 gxf5 22. Bb3 dxc3 23. Qxd8+ Rxd8 24. Bxf7+ Kxf7 25. O-O cxb2 26. Rab1 Nd5 27. Rfe1 Bd4 28. Bd2 b4 29. g3 a5 30. Kg2 a4 31. g4 a3 32.
gxf5 b3 33. axb3 a2 34. Rbd1 a1=Q 35. Rxa1 bxa1=Q 36. Rxa1 Bxa1 37. Bg5 Rg8 0-1

[Event "*** Titled Tuesday Blitz"]
[Site "Chess.com"]
[Date "2020.04.21"]
[Round "3"]
[White "Rsnr"]
[Black "Muracle"]
[Result "1-0"]
[WhiteElo "2784"]
[BlackElo "2607"]
[TimeControl "180+1"]
[EndTime "10:28:18 PDT"]
[Termination "Rsnr won by resignation"]

1. d4 Nf6 2. c4 g6 3. g3 c6 4. Bg2 d5 5. Qa4 dxc4 6. Qxc4 Bg7 7.
Nf3 O-O 8. O-O Nbd7 9. Nc3 Nb6 10. Qd3 Bg4 11. Rd1 Nfd5 12. a3 Nxc3 13. bxc3 Be6 14. Nd2 Qd7 15. a4 Rad8 16. a5 Nd5 17. e3 c5 18. Ba3 b6 19. axb6 axb6 20. Nc4 Qb5 21.
Rdb1 Nb4 22. Bxb4 Bxc4 23. Qd2 Ra8 24. Bxa8 Bd3 25. c4 Qxc4 26. Rc1 Qb5 27. Bc3 h5 28.
dxc5 Bxc3 29. Qxc3 1-0

[Event "*** Titled Tuesday Blitz"]
[Site "Chess.com"]
[Date "2020.04.21"]
[Round "3"]
[White "jsdbv18"]
[Black "DDTerziev04"]
[Result "1-0"]
[WhiteElo "2549"]
[BlackElo "2284"]
[TimeControl "180+1"]
[EndTime "10:28:18 PDT"]
[Termination "jsdbv18 won by resignation"]

1. e4 e6 2. d4 d5 3. Nd2 c5 4. Ngf3 Nc6 5. exd5 exd5 6. c3 cxd4 7. cxd4 Nf6 8. Bd3 Bd6 9. O-O O-O 10. h3 Ne7 11.
Ne5 Bf5 12. Ndf3 Bxd3 13. Qxd3 Ne4 14. Re1 a6 15. Be3 Rc8 16. Rac1 Rxc1 17. Rxc1 f6 18. Nc4 dxc4 19. Qxe4 b5 20. b3 cxb3 21. axb3 Qd7 22.
Ne1 Rc8 23. Rxc8+ Qxc8 24. Nd3 Qf5 25. f3 Qd5 26. b4 Qc4 27. Nc5 Bxc5 28. bxc5 Kf8 29. Bf4 f5 30. Qa8+ Kf7 31. Be5 Qc1+ 32. Kh2 Qc4 33. Qxa6 Qb3 34. Qd6 Qd5 35. Qb6 Qc6 36. Qd8 Qe8 37. Qd6 Qc6 38. Qb8 Qc8 39. Qa7 Qc6 40. Bxg7 Kxg7 41. Qxe7+ Kg6 42. Qe5 b4 43. d5 Qxc5 44. Qe8+ Kf6 45. Qd7 Ke5 46. Qe6+ Kd4 47. d6 Qd5 48. Qxd5+ Kxd5 49. d7 b3 50. d8=Q+ Kc4 51. Qc8+ Kb4 52. Qxf5 Ka3 53. g4 b2 54. g5 Ka2 55. Qg4 b1=Q 56. Qa4+ Kb2 57. Qb4+ Ka1 58. Qxb1+ Kxb1 59. f4 Kc2 60. f5 Kd3 61. f6 Ke4 62. f7 Ke5 63. f8=Q Ke4 64. h4 Kd5 65. h5 Kc6 66. g6 1-0

[Event "*** Titled Tuesday Blitz"]
[Site "Chess.com"]
[Date "2020.04.21"]
[Round "3"]
[White "earling8018"]
[Black "saisree"]
[Result "0-1"]
[WhiteElo "2039"]
[BlackElo "2317"]
[TimeControl "180+1"]
[EndTime "10:28:18 PDT"]
[Termination "saisree won by resignation"]

1. d4 d5 2. c4 e6 3. Nc3 Nf6 4.
Nf3 c6 5. cxd5 exd5 6. Bg5 Be7 7. Qc2 O-O 8. e3 h6 9. Bh4 Be6 10. Bxf6 Bxf6 11. Bd3 Nd7 12. h3 b5 13. O-O Qb6 14. Ne2 Rfc8 15. Nf4 c5 16. Nxe6 fxe6 17. Rfc1 c4 18.
Bh7+ Kh8 19. Bg6 Nf8 20. Bf7 Rc7 21. Bh5 b4 22. Ne5 Bxe5 23. dxe5 Nd7 24. Qg6 Nxe5 25.
Qg3 Nd3 26. Rc2 Rf8 27. Bg6 Nc5 28. f4 b3 29. Rf2 bxa2 30. Rxa2 Qb3 31. Ra5 Nd3 32. Rd2 Qb4 33. f5 Qxa5 34. fxe6 Re7 35. Bf7 Qxd2 0-1

[Event "*** Titled Tuesday Blitz"]
[Site "Chess.com"]
[Date "2020.04.21"]
[Round "3"]
[White "IMTominho"]
[Black "MPGM"]
[Result "1-0"]
[WhiteElo "2770"]
[BlackElo "2554"]
[TimeControl "180+1"]
[EndTime "10:28:19 PDT"]
[Termination "IMTominho won on time"]

1. d4 d5 2. c4 e6 3. Nc3 a6 4.
cxd5 exd5 5. Bf4 Nf6 6. e3 Bd6 7. Bg5 c6 8. Qc2 Be6 9. Bd3 Nbd7 10. Nge2 Qc7 11. f3 O-O-O 12. O-O-O Kb8 13. Kb1 h6 14. Bh4 Rhe8 15. e4 dxe4 16. fxe4 g5 17. Bg3 Bxg3 18. Nxg3 h5 19. e5 Ng4 20. Rhe1 Nb6 21.
Bf5 Nxh2 22. Nxh5 Ng4 23. Ng7 Nh6 24. Nxe8 Bxf5 25. Nxc7 Bxc2+ 26. Kxc2 Kxc7 27. Rf1 Nc4 28. Rd3 Rd7 29. b3 Nb6 30. Ne4 Nd5 31. a3 Ng4 32. Rff3 Nf4 33. Rd2 Rd8 34. Nxg5 Nd5 35. Rxf7+ Kb6 36. Ne6 Rg8 37. Nc5 Nge3+ 38. Kb2 Rb8 39. Nd7+ Ka7 40. Nxb8 Kxb8 41. g3 Ka7 42. e6 1-0

[Event "*** Titled Tuesday Blitz"]
[Site "Chess.com"]
[Date "2020.04.21"]
[Round "3"]
[White "NTDVAN12"]
[Black "Keks2017"]
[Result "1-0"]
[WhiteElo "2612"]
[BlackElo "2395"]
[TimeControl "180+1"]
[EndTime "10:28:19 PDT"]
[Termination "NTDVAN12 won by resignation"]

1. d4 d6 2. e4 Nf6 3. Nc3 g6 4. Bg5 Bg7 5. Qd2 c6 6. Bd3 Nbd7 7. Nf3 e5 8. O-O-O Qe7 9. Kb1 b6 10. d5 c5 11. Bh6 Bxh6 12. Qxh6 a6 13. h4 b5 14. Qd2 Nb6 15. a3 Bd7 16. Ng5 h6 17. Nh3 c4 18. Be2 a5 19. Qe3 Qd8 20. Na2 Qc7 21. f4 Bxh3 22. gxh3 Nfd7 23. h5 Qc5 24. Qg3 exf4 25. Qxf4 g5 26. Qf5 b4 27. h4 c3 28.
hxg5 hxg5 29. h6 cxb2 30. Qxg5 Na4 31. Bh5 Rc8 32. Bxf7+ Kf8 33. Qg7+ Ke7 34. Be6+ Ke8 35. Qxd7+ 1-0

[Event "*** Titled Tuesday Blitz"]
[Site "Chess.com"]
[Date "2020.04.21"]
[Round "3"]
[White "Teidi96"]
[Black "lukas_111111"]
[Result "0-1"]
[WhiteElo "2182"]
[BlackElo "2517"]
[TimeControl "180+1"]
[EndTime "10:28:19 PDT"]
[Termination "lukas_111111 won on time"]

1. e4 e6 2. d4 d5 3. Nd2 c5 4. exd5 Qxd5 5. Ngf3 cxd4 6. Bc4 Qd6 7. Qe2 Nc6 8. Nb3 Nf6 9. Bg5 h6 10. Bxf6 gxf6 11. O-O-O Bg7 12. Nbxd4 O-O 13. Kb1 Nxd4 14. Rxd4 Qc5 15. Rg4 f5 16. Rg3 f4 17. Rg4 e5 18.
Rxg7+ Kxg7 19. g3 fxg3 20. Rg1 Bf5 21. Rxg3+ Bg6 22. Nxe5 Rfe8 23. f4 Rad8 24. Bd3 Rxd3 25. Qxd3 Rxe5 26. fxe5 Qxe5 27. a3 Qe1+ 28. Ka2 Qe6+ 29.
Qb3 Qe4 30. Qc3+ Kh7 31. Rh3 h5 32. Re3 Qd5+ 33. b3 Qd1 34. Kb2 Qg1 35. Re8 Kh6 36.
Rh8+ Kg5 37. Qe5+ Kg4 38. Rd8 Qf2 39. Rd4+ Kh3 0-1

[Event "*** Titled Tuesday Blitz"]
[Site "Chess.com"]
[Date "2020.04.21"]
[Round "3"]
[White "igorcadilhac"]
[Black "PauloCesarCosta_sad"]
[Result "0-1"]
[WhiteElo "2295"]
[BlackElo "2059"]
[TimeControl "180+1"]
[EndTime "10:28:19 PDT"]
[Termination "PauloCesarCosta_sad won on time"]

1. e4 e6 2. d4 d5 3. Nd2 Nf6 4. e5 Nfd7 5. Bd3 c5 6. c3 Nc6 7.
Ne2 Qb6 8. Nf3 cxd4 9. cxd4 f6 10. exf6 Nxf6 11. O-O Bd6 12. Re1 O-O 13. Nc3 Bd7 14.
a3 Rae8 15. Bc2 e5 16. Nxd5 Nxd5 17. dxe5 Nxe5 18. Qxd5+ Be6 19. Qe4 g6 20. Be3 Nxf3+ 21. gxf3 Qxb2 22. Rab1 Qxa3 23. Rxb7 Bf7 24. Qd4 Bc5 25. Qg4 Bxe3 26. fxe3 Rxe3 27. Rf1 Qc5 28. Kh1 Qxc2 29. Qd4 Qe2 30. h4 Qxf1+ 31. Kh2 Qf2+ 32.
Kh3 Rxf3+ 33. Kg4 Qxd4+ 0-1

[Event "*** Titled Tuesday Blitz"]
[Site "Chess.com"]
[Date "2020.04.21"]
[Round "3"]
[White "Bastiandash"]
[Black "korkmaz16"]
[Result "0-1"]
[WhiteElo "1978"]
[BlackElo "2306"]
[TimeControl "180+1"]
[EndTime "10:28:19 PDT"]
[Termination "korkmaz16 won on time"]

1. e4 e6 2. d4 d5 3. Bd3 dxe4 4. Bxe4 Nf6 5. Bf3 c5 6. Ne2 Nc6 7. c3 cxd4 8. Nxd4 Nxd4 9. Qxd4 Qxd4 10. cxd4 Bb4+ 11.
Nc3 Bd7 12. Bxb7 Rb8 13. Bf3 Nd5 14. Bxd5 exd5 15. Bd2 Bxc3 16. Bxc3 O-O 17. O-O Rfe8 18. Rfe1 Be6 19. f3 Rb7 20. Kf2 Rc8 21. Re2 g6 22. h4 Rc4 23. Rae1 h5 24. Kg3 Kg7 25. Rxe6 fxe6 26. Rxe6 Rcc7 27. Re5 Rd7 28. f4 Kf6 29.
Kf3 Rb6 30. g4 hxg4+ 31. Kxg4 Re6 32. Rg5 Re4 33. Kf3 Re6 34. a3 a6 35. h5 gxh5 36.
Rxh5 Kg7 37. Rg5+ Rg6 38. Re5 Kf6 39. f5 Rg1 40. Kf2 Rg5 41. Re6+ Kxf5 42. Rxa6 Ke4 43. Ke2 Rg2+ 44. Kf1 Rc2 45. Rf6 Rh7 46. Rf2 Rc1+ 47. Kg2 Rg7+ 48. Kh2 Rcg1 49. Re2+ Kf3 50. Re1 R1g6 51.
Rf1+ Ke2 52. Re1+ Kf2 0-1

[Event "*** Titled Tuesday Blitz"]
[Site "Chess.com"]
[Date "2020.04.21"]
[Round "3"]
[White "bancsoo"]
[Black "claudyna16"]
[Result "1-0"]
[WhiteElo "2745"]
[BlackElo "2520"]
[TimeControl "180+1"]
[EndTime "10:28:20 PDT"]
[Termination "bancsoo won by checkmate"]

1. Nf3 Nf6 2. g3 g6 3. Bg2 Bg7 4. O-O O-O 5. d4 d6 6. c4 Nc6 7. Nc3 e5 8. dxe5 dxe5 9. Bg5 Be6 10. Nd2 h6 11. Bxf6 Bxf6 12. Nde4 Be7 13. Qc1 Kg7 14. Rd1 Qc8 15. Nd5 Bd8 16. Nc5 Nd4 17. Qe3 Bxd5 18. Qxe5+ Bf6 19. Qxd5 c6 20. Qd7 Qxd7 21. Nxd7 Nxe2+ 22. Kf1 Bxb2 23. Nxf8 Nc3 24. Ne6+ fxe6 25. Rd7+ Kf6 26.
Re1 Rb8 27. Bh3 e5 28. Rd6+ Kf7 29. Rxe5 Na4 30. Rd7+ Kf6 31. Re6+ Kg5 32. f4+ Kh5 33. Rh7 Nc5 34. g4+ Kh4 35. Rxh6# 1-0

[Event "*** Titled Tuesday Blitz"]
[Site "Chess.com"]
[Date "2020.04.21"]
[Round "3"]
[White "BaMBoMaTTo"]
[Black "Jbd735"]
[Result "0-1"]
[WhiteElo "2702"]
[BlackElo "2450"]
[TimeControl "180+1"]
[EndTime "10:28:20 PDT"]
[Termination "Jbd735 won by checkmate"]

1. e4 e5 2. Nf3 Nc6 3. Bb5 a6 4. Ba4 Nf6 5. O-O Be7 6. Re1 b5 7.
Bb3 d6 8. c3 O-O 9. h3 Na5 10.
Bc2 c5 11. d4 Qc7 12. Nbd2 Nc6 13. d5 Nd8 14. a4 Rb8 15. axb5 axb5 16. b4 c4 17. Nf1 Ne8 18. N3h2 f6 19. f4 exf4 20. Bxf4 Nf7 21. Nf3 Bd7 22. Ne3 g6 23. Nd4 Ng7 24. Ra5 Ne5 25. Qa1 Rfe8 26. Qa3 Nh5 27. Bh2 Bf8 28. Ra1 Bh6 29. Nf1 Nf4 30. Ra7 Qc8 31. h4 Nxg2 32. Kxg2 Bh3+ 33. Kf2 Qg4 34. Bd1 Nd3# 0-1

[Event "*** Titled Tuesday Blitz"]
[Site "Chess.com"]
[Date "2020.04.21"]
[Round "3"]
[White "Avileyshon7"]
[Black "GM_DarwinLaylo"]
[Result "0-1"]
[WhiteElo "2338"]
[BlackElo "2600"]
[TimeControl "180+1"]
[EndTime "10:28:20 PDT"]
[Termination "GM_DarwinLaylo won by resignation"]

1. e4 c5 2. Nf3 e6 3. d4 cxd4 4.
Nxd4 Qb6 5. Nb3 Nf6 6. Be3 Qc7 7. Bd3 d5 8. exd5 Nxd5 9. Qe2 Nxe3 10. Qxe3 Nc6 11. N1d2 Be7 12. c3 b6 13. O-O Bb7 14. Be4 O-O 15. Rad1 Rad8 16. Nf3 h6 17. Nbd4 Nxd4 18.
Nxd4 Bc5 19. Bxb7 Qxb7 20. Qf3 Qa6 21. a3 Bxd4 22. cxd4 Rd5 23. Qe4 Rfd8 24. f4 Qa4 25. f5 Rxf5 26. Rxf5 Qxd1+ 27. Rf1 Qxd4+ 28. Qxd4 Rxd4 29. Rc1 Rd7 30. Kf2 g5 31. Kf3 Kg7 0-1

[Event "*** Titled Tuesday Blitz"]
[Site "Chess.com"]
[Date "2020.04.21"]
[Round "3"]
[White "lolo9292"]
[Black "konradrutkowski"]
[Result "1-0"]
[WhiteElo "2514"]
[BlackElo "2179"]
[TimeControl "180+1"]
[EndTime "10:28:20 PDT"]
[Termination "lolo9292 won on time"]

1. e4 c6 2. Nc3 d5 3. Nf3 Nf6 4. e5 Ne4 5. d4 Nxc3 6. bxc3 c5 7. Bd3 Nc6 8. O-O Bg4 9. e6 Bxe6 10. Ng5 Qd7 11.
Qf3 h6 12. Nxe6 Qxe6 13. dxc5 Rd8 14. Rb1 Qc8 15. Bf4 e6 16. c4 Bxc5 17. cxd5 Rxd5 18. Be4 Nd4 19. Qd3 Rd7 20. Rfd1 Bb6 21. Be5 Nf5 22.
Qb5 Ke7 23. Bxf5 exf5 24. Re1 Kf8 25. Ba1 Rd8 26. Qe5 f6 27. Qe7+ Kg8 28. Rb3 Kh7 29. Rg3 Rhg8 30. Bxf6 Rd7 31. Qe6 Rc7 32. Qxc8 Rgxc8 33. Be5 Rf7 34. Rf3 Rxc2 35. a3 Re7 36. Rxf5 g6 37.
Rf8 Rxe5 38. Rd1 1-0

[Event "*** Titled Tuesday Blitz"]
[Site "Chess.com"]
[Date "2020.04.21"]
[Round "3"]
[White "Keaton87"]
[Black "Shield12"]
[Result "0-1"]
[WhiteElo "2675"]
[BlackElo "2924"]
[TimeControl "180+1"]
[EndTime "10:28:21 PDT"]
[Termination "Shield12 won on time"]

1. d4 Nf6 2. Bg5 d5 3. Nd2 e6 4. e3 Be7 5. Bd3 c5 6. c3 b6 7. f4 O-O 8. Ngf3 Ba6 9. Bc2 Nc6 10. Ne5 Nxe5 11. fxe5 Nd7 12. Qh5 g6 13. Bxe7 Qxe7 14. Qh6 f6 15. exf6 Nxf6 16. Qh4 e5 17. O-O-O e4 18.
dxc5 bxc5 19. c4 Rab8 20. cxd5 Qe5 21. Nb3 c4 22. Nd4 Rb6 23. Qf4 Qxf4 24. exf4 Nxd5 25. Bxe4 Nxf4 26. g3 Nd3+ 27. Bxd3 cxd3 28. Rd2 Rd6 29. Nb3 Bc4 30. Kb1 Bxb3 31. axb3 Rb8 32. Ka2 Ra6+ 33. Kb1 Rxb3 34. Rhd1 Rab6 35. Kc1 Rd6 36. Kb1 a5 37. Ka2 a4 38. Rc1 Rd4 39. Rc7 Rb8 40. Ra7 Re8 41.
Ka3 Ree4 42. Rb7 h5 43. Ra7 Kf8 44. Rb7 Re7 45. Rb6 Kf7 46. Rc6 Re2 0-1

[Event "*** Titled Tuesday Blitz"]
[Site "Chess.com"]
[Date "2020.04.21"]
[Round "3"]
[White "stefan_95"]
[Black "kpio91"]
[Result "1-0"]
[WhiteElo "2632"]
[BlackElo "2774"]
[TimeControl "180+1"]
[EndTime "10:28:21 PDT"]
[Termination "stefan_95 won on time"]

1. d4 f5 2. Nc3 d5 3. Bg5 h6 4. Bh4 g5 5. Bg3 f4 6. e4 e6 7. Qh5+ Ke7 8. exd5 fxg3 9. hxg3 Nf6 10. Qe2 Kf7 11. O-O-O exd5 12. Nf3 Bf5 13. Nxg5+ Kg8 14. Ne6 Qe7 15. Nxf8 Qxe2 16. Bxe2 Kxf8 17. g4 Be6 18. g5 Ng8 19. Bd3 Nc6 20. f4 Nce7 21. f5 Bd7 22. f6 Nf5 23. g4 Ne3 24. Rde1 Nxg4 25. Nxd5 c6 26. Nf4 hxg5 27. Ng6+ Kf7 28. Nxh8+ Kxf6 29. Rhf1+ Kg7 30. Rf7+ 1-0